 Dungeon Crawl Stone Soup version 0.28-a0-1184-g53156a8862 (webtiles) character file.

Game seed: 13864916053211764426

63 ytrimaz the Covered (level 3, -1/31 HPs)
             Began as a Demigod Fighter on Dec 17, 2021.
             Slain by a gnoll (8 damage)
             ... on level 3 of the Dungeon.
             The game lasted 00:02:10 (2009 turns).

ytrimaz the Covered (Demigod Fighter)               Turns: 2009, Time: 00:02:10

Health: -1/31      AC:  6    Str: 21    XL:     3   Next: 61%
Magic:  5/5        EV:  9    Int: 16    God:
Gold:   25         SH:  5    Dex: 13    Spells: 2/2 levels left

rFire   . . .      SeeInvis .   a - +0 flail
rCold   . . .      Faith    .   c - +1 buckler
rNeg    . . .      Spirit   .   b - +0 scale mail
rPois   .          Reflect  .   (no helmet)
rElec   .          Harm     .   (no cloak)
rCorr   .          Rampage  .   (no gloves)
Will    .....                   (no boots)
Stlth   ..........              (no amulet)
HPRegen 0.10/turn               h - +6 ring of intelligence
MPRegen 0.09/turn               (no ring)

@: no status effects
A: high mp 1, forlorn, divine attributes
a: no special abilities


You were on level 3 of the Dungeon.
You visited 1 branch of the dungeon, and saw 3 of its levels.

You collected 25 gold pieces.

Inventory:

Hand Weapons
 a - a +0 flail (weapon)
Armour
 b - a +0 scale mail (worn)
 c - a +1 buckler (worn)
Jewellery
 f - a ring of magical power
 h - a +6 ring of intelligence (left hand)
Potions
 d - a potion of haste {unknown}
 e - 2 potions of flight
 g - a potion of mutation
 i - 3 potions of heal wounds
 j - a potion of degeneration {unknown}
 k - a potion of might
 o - a potion of curing {unknown}


   Skills:
 + Level 3.1 Fighting
 + Level 2.6 Maces & Flails
 + Level 3.2 Armour
 + Level 3.1 Shields


You had 2 spell levels left.
You didn't know any spells.
Your spell library contained the following spells:

 Spells                   Type           Power      Damage    Failure   Level
 Blink                    Tloc           0%         N/A       75%         2
 Static Discharge         Conj/Air       0%         N/A       75%         2
 Lesser Beckoning         Tloc           0%         N/A       92%         3
 Lightning Bolt           Conj/Air       0%         1d11      100%        5
 Manifold Assault         Tloc           0%         N/A       100%        5
 Maxwell's Capacitive Co  Air            0%         ∞         100%        8


Dungeon Overview and Level Annotations

Branches:
Dungeon (3/15)

Shops:
D:1 =   D:2 [


Innate Abilities, Weirdness & Mutations

You have an increased reservoir of magic. (+10% MP)
You shall have no god before yourself.
Your divine heritage dramatically boosts your attributes as you level up.


Message History

HP restored.
A gnoll comes into view. It is wielding a +0 spear.
The gnoll shouts!
You hear a shout! x2
A gnoll is nearby!
A gnoll is nearby!
You hear a shout!
You hear an angry hiss.
The gnoll barely misses you.
You sock the gnoll!
The gnoll is almost dead.
The gnoll hits you with a +0 spear. x2
You hit the gnoll but do no damage.
The gnoll is almost dead.
A gnoll comes into view. It is wielding a +0 spear.
The gnoll hits you with a +0 spear.
You hit the gnoll but do no damage.
The gnoll is almost dead.
The gnoll hits you with a +0 spear.
You barely miss the gnoll.
The gnoll is almost dead.
The gnoll hits you but does no damage.
A gnoll comes into view. It is wielding a +0 flail.
The gnoll hits you from afar with a +0 spear.
You hit the gnoll.
You kill the gnoll!
The gnoll throws a throwing net.
The throwing net hits you.
You become entangled in the net!
You struggle against the net.
The gnoll hits you but does no damage.
You struggle against the net.
The gnoll hits you from afar with a +0 spear.
A gnoll comes into view. It is wielding a +0 flail.
Unknown command.
You struggle against the net.
The gnoll shouts!
The gnoll hits you from afar with a +0 spear.
* * * LOW HITPOINT WARNING * * *
You struggle against the net.
The gnoll barely misses you.
Unknown command.
You shred the net and break free!
The gnoll hits you from afar with a +0 spear!
You die...

##.# #.. #.. .g.
#.#.# #g# #.#.#
#g# #.#.# #)#
#.#.# #@#
#.#.######### #.#
............## #.#
..#...####...###.#
..)......†.....#.#
.####.####...#.#.#
.# #.......##.#.#
.# ######.......#
.# ##.##.###


You could see 3 gnolls.

Vanquished Creatures
  Robin (D:2)
  A gnoll (D:3)
  An orc (D:3)
  3 bats
  6 endoplasms
  A giant cockroach (D:1)
  5 goblins (D:2)
  7 hobgoblins
  3 kobolds (D:2)
  A quokka (D:1)
  A ball python (D:1)
  2 frilled lizards
  4 rats
36 creatures vanquished.

Notes
Turn   | Place    | Note
-------+----------+-------------------------------------------
     0 | D:1      | ytrimaz the Demigod Fighter began the quest for the Orb.
     0 | D:1      | Reached XP level 1. HP: 18/18 MP: 3/3
   269 | D:1      | Found Takli's Jewellery Emporium.
   446 | D:1      | Reached XP level 2. HP: 10/25 MP: 4/4
  1132 | D:2      | Found Fevurel's Antique Armour Boutique.
  1167 | D:2      | Noticed Robin
  1185 | D:2      | Killed Robin
  1187 | D:2      | Reached XP level 3. HP: 16/31 MP: 5/5
  2009 | D:3      | Slain by a gnoll

Illustrated notes

Levels and vault maps discovered:
D:1:      nagdon_arrival_zigzag_paths, layout_basic, serial_shops,
          nicolae_shop_temple_entry_statues_fountains
D:2:      layout_loops_ring, hellmonk_ecumenical_altar_crossroads, serial_shops,
          nicolae_square_shop, uniq_robin
D:3:      layout_loops_ring, kennysheep_okawaru_gauntlet

Skill      XL: |  1  2 |
---------------+-------+-----
Maces & Flails | 2 |  2.6
Shields        | 3 |  3.1
Armour         | 3 |  3.2
Fighting       | 3 |  3.1

Action                   || total
-------------------------++-------
Melee: Flail             ||    88
  Use: Scroll            ||     6
       Potion            ||     1
Armor: Scale mail        ||    54
Dodge: Dodged            ||    36
Block: Buckler           ||    23

Table legend: (Time is in decaauts)
 A = Elapsed time spent in this place.
 B = Non-inter-level travel time spent in this place.
 C = Inter-level travel time spent in this place.
 D = Time resting spent in this place.
 E = Time spent auto-exploring this place.
 F = Levels seen in this place.
 G = Mean time per level.
                   A        B        C        D        E       F      G
               +--------+--------+--------+--------+--------+-----+--------+
         Total |   2036 |   1929 |    107 |      0 |   1604 |   3 |  678.7 |
       Dungeon |   2036 |   1929 |    107 |      0 |   1604 |   3 |  678.7 |
               +--------+--------+--------+--------+--------+-----+--------+

Top non-repeatable levels by time:
     D:1: 1129 daAuts
     D:2: 805 daAuts
     D:3: 101 daAuts
